 Dungeon Crawl Stone Soup version 0.17.1-3-g152610e (webtiles) character file.

158873 shitmuffin the Severer (level 17, -4/165 HPs)
             Began as a Minotaur Berserker on Apr 27, 2016.
             Was an Elder of Trog.
             Killed from afar by a greater naga (49 damage)
             ... with an orb of energy
             ... on level 4 of the Snake Pit.
             The game lasted 03:40:25 (32203 turns).

shitmuffin the Severer (Minotaur Berserker)        Turns: 32203, Time: 03:40:25

Health: -4/165     AC: 39    Str: 29    XL:     17   Next: 15%
Magic:  16/16      EV: 16    Int: 13    God:    Trog [****..]
Gold:   1260       SH:  0    Dex: 14    Spells: 0 memorised, 16 levels left

rFire  + + +     SeeInvis .     h - +3 battleaxe "Byozur" {elec, rPois Int+6}
rCold  x . .     Clarity  +     H - +12 plate armour of Dynkuv {+Inv rF++ rC- Dex+4}
rNeg   . . .     SustAt   .     (shield currently unavailable)
rPois  +         Gourm    .     (helmet restricted)
rElec  .         Spirit   .     B - +1 cloak
rCorr  .         Warding  .     n - +1 pair of gloves
rMut   .         Stasis   .     l - +0 pair of boots of the Guardian {rF+ Int+3}
MR     ++++.                    Q - amulet of clarity
Stlth  ..........               T - ring of protection from magic
                                A - +2 ring of protection

@: exhausted, regenerating, slowed, very slow, incredibly resistant to hostile
enchantments, extremely unstealthy
A: retaliatory headbutt, horns 2
a: Berserk, Trog's Hand, Brothers in Arms, Burn Spellbooks, Renounce Religion,
Evoke Invisibility


You were on level 4 of the Snake Pit.
You worshipped Trog.
Trog was greatly pleased with you.
You were not hungry.

You visited 5 branches of the dungeon, and saw 32 of its levels.

You collected 2792 gold pieces.
You spent 1532 gold pieces at shops.

Inventory:

Hand Weapons
 h - the +3 battleaxe "Byozur" (weapon) {elec, rPois Int+6}
   (Trog gifted it to you on level 7 of the Lair of Beasts)

   Occasionally, upon striking a foe, it will discharge some electrical energy
   and cause terrible harm.
   It affects your intelligence (+6).
   It protects you from poison.
 j - a +3 vampiric executioner's axe
 C - the +10 battleaxe "Kahud" {antimagic, rC++ Dex+5}
   (You found it on level 8 of the Lair of Beasts)

   It disrupts the flow of magical energy around spellcasters and certain
   magical creatures (including the wielder).
   It affects your dexterity (+5).
   It greatly protects you from cold.
Armour
 l - the +0 pair of boots of the Guardian (worn) {rF+ Int+3}
   (You acquired it on level 7 of the Lair of Beasts)

   It affects your intelligence (+3).
   It protects you from fire.
 n - a +1 pair of gloves (worn)
 B - a +1 cloak (worn)
 H - the +12 plate armour of Dynkuv (worn) {+Inv rF++ rC- Dex+4}
   (You bought it in a shop on level 3 of the Orcish Mines)

   It affects your dexterity (+4).
   It greatly protects you from fire.
   It makes you vulnerable to cold.
   It lets you turn invisible.
Jewellery
 A - a +2 ring of protection (left hand)
 G - an uncursed ring of protection from fire
 Q - an amulet of clarity (around neck)
 T - a ring of protection from magic (right hand)
Wands
 a - a wand of fireball (12)
 r - a wand of digging (10)
 y - a wand of disintegration (10)
 M - a wand of hasting (2)
Scrolls
 g - 9 scrolls of teleportation
 k - 13 scrolls of identify
 o - 5 scrolls of remove curse
 q - 8 scrolls of magic mapping
 x - a scroll of fog
 D - a scroll of enchant armour
 K - 3 scrolls of enchant weapon
 N - a scroll of summoning
 R - a scroll of brand weapon
 W - 3 scrolls of recharging
Potions
 b - 5 potions of agility
 e - 2 potions of resistance
 i - 9 potions of brilliance
 m - 2 potions of magic
 p - 2 potions of flight {unknown}
 t - 5 potions of curing
 v - 5 potions of might
 w - 3 potions of haste
 I - 3 potions of ambrosia {unknown}
 L - 3 potions of degeneration
 O - 2 potions of cancellation
 S - 2 potions of mutation {unknown}
 V - a potion of beneficial mutation {unknown}
 Y - 3 potions of invisibility {unknown}
Books
 u - a book of Burglary

   Spells                             Type                      Level
   a - Swiftness                      Charms/Air                   2
   b - Passwall                       Transmutation/Earth          3
   c - Passage of Golubria            Translocation                4
   d - Lee's Rapid Deconstruction     Earth                        5
   e - Darkness                       Hexes                        6
   f - Invisibility                   Hexes                        6
   Trog disapproves of the use of such an item.
Comestibles
 c - 7 bread rations
 d - 12 beef jerkies
 f - 11 meat rations
 z - 5 slices of pizza
 E - 2 royal jellies
 J - 7 fruits


   Skills:
 + Level 18.3 Fighting
 - Level 20.3 Axes
 + Level 17.8 Armour
 * Level 14.0 Dodging


You had 16 spell levels left.
You didn't know any spells.

Dungeon Overview and Level Annotations

Branches:
Dungeon (15/15)            Temple (1/1) D:5            Lair (8/8) D:10
 Shoals (0/4) Lair:3        Snake (4/4) Lair:3        Slime (0/6) Lair:8
    Orc (4/4) D:10            Elf (0/3) Orc:4        Vaults (0/5) D:13
 Depths (0/5) D:15

Altars:
Cheibriados
Gozag
Kikubaaqudgha
Makhleb
Okawaru
Sif Muna
Xom
Yredelemnul
The Shining One
Beogh
Lugonu

Shops:
D:5 ?   D:6 (   D:7 :   D:9 *   D:12 (%%:   Orc:1 *   Orc:2 ?   Orc:3 [!*
Orc:4 }%([*=

Portals:
Trove: D:15 (give +6 demon trident)

Annotations:
Lair:7 exclusion: ice statue


Innate Abilities, Weirdness & Mutations

You reflexively headbutt those who attack you in melee.
You have a pair of horns on your head.


Message History

Something hits your mana viper!!
Your mana viper dies!
Your shock serpent bites the greater naga!
Your shock serpent shocks the greater naga!
You feel the effects of Trog's Hand fading.
Your shock serpent closely misses the greater naga.
Something hits your shock serpent!
Your shock serpent's electric aura discharges!
The lightning shocks the greater naga. x2
Trog accepts your kill.
Your Dodging skill increases to level 14!
You feel a bit more experienced.
Your shock serpent barely misses the greater naga.
The greater naga spits poison at you. The splash of poison misses you.
Your shock serpent bites the greater naga.
Your shock serpent shocks the greater naga!
The greater naga points at you and mumbles some strange words.
The orb of energy hits you!
You die...

#... ### .# #.#.####.
.## #.# ##....##.###.#
#.####
##.....##.....###.....
##......#.).....#......
#≈≈.....'.)≈≈≈).'..#
#≈≈.....#.≈≈≈≈≈.'..###
#≈≈...SNN.≈≈≈≈≈.'....#
##......#...@...#....#
##...NN##.....###)).#
##.N.N##.###.# #.###
≈... #.#.####. .## #(#
N.≈ ##...## ### #[#


NN≈ #.#N#N# #)# NSS ##N(.## #.# .N# ###)()# #.# ..# ##..))## #)# You could see 2
greater nagas and a friendly shock serpent.

Vanquished Creatures
  5 greater nagas
  Donald (Orc:4)
  Snorg (D:10)
  A fire dragon (D:15)
  An ettin (Orc:3)
  Josephine (Orc:2)
  4 vault guards (D:13)
  Fannar (Lair:2)
  An ice dragon (D:15)
  Harold (Orc:2)
  6 naga warriors
  Erolcha (Orc:1)
  2 centaur warriors
  Erica (Orc:1)
  6 anacondas
  3 catoblepae (Lair:8)
  The ghost of Nekros the Thaumaturge, a journeyman DEWz of Sif Muna (Lair:6)
  29 death yaks
  3 tengu warriors
  4 shock serpents
  Urug (Lair:1)
  5 naga sharpshooters
  An orc high priest (Orc:4)
  Sonja (D:10)
  Nergalle (D:11)
  A fire crab (Lair:7)
  An unseen horror (shapeshifter) (D:11)
  4 skeletal warriors
  5 sea snakes (Snake:4)
  2 orc knights (Orc:4)
  3 unseen horrors
  4 naga ritualists
  Pikel (D:6)
  3 hill giants
  The ghost of Gargoyl the Covered, a novice DsAK of Lugonu (D:7)
  2 griffons
  8 ugly things
  3 orc sorcerers (Orc:4)
  2 cyclopes (D:13)
  8 mana vipers
  30 black mambas
  Maurice (D:10)
  2 salamanders (Snake:2)
  5 centaur zombies
  Joseph (D:8)
  9 naga magi
  7 elephants
  3 gargoyles
  6 centaur skeletons
  16 spiny frogs
  A kobold demonologist (D:12)
  An efreet (D:13)
  A fire drake (Lair:7)
  6 komodo dragons
  5 guardian serpents
  A freezing wraith (Lair:7)
  A tengu conjurer (D:14)
  7 trolls
  A two-headed ogre (D:12)
  3 polar bears (Lair:7)
  19 blink frogs
  3 deep elf magi
  A boulder beetle (Lair:8)
  3 shadows
  A deep elf fighter (D:14)
  3 basilisks
  18 hippogriffs
  Eustachio (D:4)
  5 wraiths
  75 yaks
  2 steam dragons
  The ghost of Kiel97 the Slasher, an amateur DsGl (D:3)
  A vampire (D:14)
  7 vampire mosquitoes (D:13)
  9 wolves (Lair:2)
  A warg (Orc:3)
  30 nagas
  3 hungry ghosts
  3 mottled dragons
  14 porcupines
  3 sky beasts
  3 slaves (D:6)
  A black bear (D:11)
  29 orc warriors
  12 water moccasins
  3 necrophages
  2 phantoms
  A boggart (shapeshifter) (D:15)
  3 wasps
  7 ice beasts
  3 ogres
  16 centaurs
  14 crocodiles
  15 giant frogs
  5 boggarts (D:14)
  6 big kobolds
  A wyvern zombie (D:8)
  A wyvern skeleton (D:10)
  5 scorpions
  8 killer bees
  An electric eel (Lair:4)
  4 wights
  3 giant frog zombies
  9 crimson imps
  7 iguanas
  Crazy Yiuf (D:7)
  34 orc priests
  Ijyb (D:2)
  6 hounds
  4 jellies
  A giant frog skeleton (D:12)
  Jessica (D:3)
  34 orc wizards
  9 worker ants
  2 hell rats (Lair:6)
  A killer bee zombie (D:6)
  47 sheep
  A hound zombie (D:7)
  2 hound skeletons
  Robin (D:4)
  6 gnolls
  10 adders
  4 shadow imps
  26 river rats
  3 white imps (Lair:7)
  An ooze (D:3)
  An adder skeleton (D:8)
  170 orcs
  2 ball pythons
  6 giant cockroaches
  12 goblins
  10 hobgoblins
  12 jackals
  3 quokkas
  6 bats
  A giant cockroach zombie (D:5)
  6 giant geckos
  A giant gecko skeleton (D:7)
  A giant newt (D:4)
  A jackal zombie (D:9)
  31 kobolds
  2 quokka skeletons (D:5)
  7 rats
  6 fungi
  8 plants
1080 creatures vanquished.

Vanquished Creatures (collateral kills)
  An orc warlord (Orc:4)
  Nessos (Lair:7)
  5 hydras
  An anaconda (Snake:4)
  2 orc high priests (Orc:4)
  A naga sharpshooter (Snake:4)
  3 sea snakes (Snake:4)
  An orc knight (Orc:4)
  A lindwurm (Lair:8)
  An orc sorcerer (Orc:4)
  A centaur zombie (D:15)
  A guardian serpent (Snake:4)
  2 blink frogs (Lair:8)
  A yak (Lair:8)
  4 nagas (Snake:4)
  7 orc warriors (Orc:4)
  2 orc wizards (Orc:4)
  4 orc priests (Orc:4)
  A river rat (Lair:8)
  6 orcs (Orc:4)
46 creatures vanquished.

Vanquished Creatures (others)
  A slave (D:6)
  An adder (D:6)
  An adder skeleton (D:4)
  15 fungi
  10 plants
28 creatures vanquished.

Grand Total: 1154 creatures vanquished

Notes
Turn   | Place    | Note
--------------------------------------------------------------
     0 | D:1      | shitmuffin the Minotaur Berserker began the quest for the Orb.
     0 | D:1      | Reached XP level 1. HP: 19/19 MP: 0/0
   141 | D:1      | You fall through a shaft!
   188 | D:2      | Reached XP level 2. HP: 12/27 MP: 1/1
   411 | D:2      | Noticed Ijyb
   436 | D:1      | Reached skill level 4 in Axes
   980 | D:2      | Reached ** piety under Trog
  1090 | D:2      | Killed Ijyb
  1090 | D:2      | Reached XP level 3. HP: 34/34 MP: 2/2
  1416 | D:2      | Reached XP level 4. HP: 30/41 MP: 3/3
  1832 | D:4      | Found an opulent altar of Gozag.
  1860 | D:4      | Reached skill level 5 in Axes
  2072 | D:4      | Reached XP level 5. HP: 47/47 MP: 4/4
  2114 | D:4      | Reached skill level 5 in Fighting
  2196 | D:4      | Noticed Robin
  2202 | D:4      | Killed Robin
  2210 | D:4      | Reached XP level 6. HP: 56/56 MP: 5/5
  2301 | D:4      | Reached skill level 6 in Axes
  2381 | D:4      | Noticed a big kobold
  2394 | D:4      | Killed a big kobold
  2626 | D:3      | Noticed Kiel97's ghost (amateur DsGl)
  2634 | D:3      | Killed Kiel97's ghost
  2634 | D:3      | Reached skill level 5 in Armour
  2720 | D:3      | Reached skill level 7 in Axes
  2720 | D:3      | Reached XP level 7. HP: 63/63 MP: 6/6
  2842 | D:3      | Reached *** piety under Trog
  2907 | D:3      | Noticed Jessica
  2922 | D:3      | Killed Jessica
  3232 | D:4      | Noticed Eustachio
  3249 | D:4      | Killed Eustachio
  3546 | D:5      | Entered Level 5 of the Dungeon
  3572 | D:5      | Found a staircase to the Ecumenical Temple.
  3658 | D:5      | Found Naciskue's Magic Scroll Boutique.
  3671 | D:5      | Bought a scroll of identify for 24 gold pieces
  3671 | D:5      | Bought a scroll of identify for 24 gold pieces
  4043 | D:5      | Reached skill level 8 in Axes
  4204 | Temple   | Entered the Ecumenical Temple
  4287 | D:6      | Noticed Pikel
  4315 | D:6      | Killed Pikel
  4315 | D:6      | Reached skill level 9 in Axes
  4315 | D:6      | Reached XP level 8. HP: 50/73 MP: 7/7
  4450 | D:6      | Found Xeewenyc's Weapon Emporium.
  4709 | D:6      | Found a burning altar of Makhleb.
  5014 | D:7      | Killed an unseen horror
  5014 | D:7      | Reached skill level 10 in Axes
  5360 | D:7      | Reached XP level 9. HP: 81/81 MP: 8/8
  5363 | D:7      | Noticed Gargoyl's ghost (novice DsAK)
  5385 | D:7      | Killed Gargoyl's ghost
  5385 | D:7      | Reached skill level 11 in Axes
  5534 | D:7      | Noticed Crazy Yiuf
  5541 | D:7      | Paralysed by Crazy Yiuf for 7 turns
  5550 | D:7      | Killed Crazy Yiuf
  5670 | D:7      | Found Suent's Book Shop.
  6323 | D:8      | Noticed Joseph
  6342 | D:8      | Killed Joseph
  6342 | D:8      | Reached skill level 12 in Axes
  6687 | D:8      | Reached XP level 10. HP: 91/91 MP: 9/9
  7009 | D:8      | Reached **** piety under Trog
  7394 | D:9      | Found Gozag's Platinum Reserve.
  7502 | D:9      | Reached skill level 10 in Fighting
  7542 | D:9      | Reached skill level 13 in Axes
  7629 | D:9      | Found a basalt altar of Yredelemnul.
  7632 | D:9      | Found a glowing golden altar of the Shining One.
  7635 | D:9      | Found a deep blue altar of Sif Muna.
  7645 | D:9      | Found a shimmering altar of Xom.
  7925 | D:9      | Found an opulent altar of Gozag.
  8166 | D:10     | Entered Level 10 of the Dungeon
  8325 | D:10     | Reached skill level 10 in Armour
  8376 | D:10     | Noticed Sonja
  8384 | D:10     | Found a staircase to the Orcish Mines.
  8870 | D:10     | Noticed Snorg
  8880 | D:10     | Killed Snorg
  8881 | D:10     | Found a staircase to the Lair.
  8894 | D:10     | Reached skill level 14 in Axes
  9054 | D:10     | Reached XP level 11. HP: 101/101 MP: 10/10
  9515 | D:10     | Noticed Maurice
  9539 | D:10     | Killed Maurice
  9654 | D:10     | Killed Sonja
  9821 | Lair:1   | Entered Level 1 of the Lair of Beasts
  9979 | Lair:1   | Noticed Urug
  9992 | Lair:1   | Killed Urug
  9992 | Lair:1   | Reached skill level 15 in Axes
 10816 | Lair:1   | Reached ***** piety under Trog
 11419 | Lair:2   | Reached XP level 12. HP: 92/112 MP: 11/11
 11539 | Lair:2   | Reached skill level 16 in Axes
 11670 | Lair:2   | Noticed Fannar
 11706 | Lair:2   | Killed Fannar
 12888 | Lair:3   | Found a staircase to the Shoals.
 13224 | Lair:3   | Reached skill level 17 in Axes
 13354 | Lair:3   | Found a staircase to the Snake Pit.
 13830 | Lair:4   | You fall through a shaft!
 14358 | Lair:4   | Reached ****** piety under Trog
 14451 | Lair:5   | Reached XP level 13. HP: 115/122 MP: 12/12
 14713 | Lair:5   | Received a gift from Trog
 14714 | Lair:5   | Got a jewelled executioner's axe {god gift}
 14720 | Lair:5   | Identified the +4 executioner's axe "Imeilek" {chop, Str+4} (Trog gifted it to you on level 5 of the Lair of Beasts)
 15010 | Lair:5   | Found an iron altar of Okawaru.
 15448 | Lair:6   | Noticed Nekros's ghost (journeyman DEWz)
 15457 | Lair:6   | Killed Nekros's ghost
 15461 | Lair:6   | Reached skill level 18 in Axes
 16510 | Lair:7   | Noticed Nessos
 16526 | Lair:7   | Killed Nessos
 16844 | Lair:7   | Received a gift from Trog
 17009 | Lair:7   | Got an encrusted battleaxe {god gift}
 17010 | Lair:7   | Identified the +3 battleaxe "Byozur" {elec, rPois Int+6} (Trog gifted it to you on level 7 of the Lair of Beasts)
 17075 | Lair:7   | Identified a scroll of acquirement
 17076 | Lair:7   | Got a pair of warped boots
 17087 | Lair:7   | Identified the +0 pair of boots of the Guardian {rF+ Int+3} (You acquired it on level 7 of the Lair of Beasts)
 17776 | Lair:7   | Reached skill level 19 in Axes
 18307 | Lair:8   | Entered Level 8 of the Lair of Beasts
 18427 | Lair:8   | Reached XP level 14. HP: 133/133 MP: 13/13
 19350 | Lair:8   | Reached skill level 15 in Fighting
 19421 | Lair:8   | Found a staircase to the Slime Pits.
 19626 | Lair:8   | Received a gift from Trog
 19815 | Lair:8   | Reached skill level 20 in Axes
 19899 | Lair:8   | Reached skill level 15 in Armour
 20221 | Lair:8   | Got a slimy battleaxe
 20222 | Lair:8   | Identified the +10 battleaxe "Kahud" {antimagic, rC++ Dex+5} (You found it on level 8 of the Lair of Beasts)
 20993 | Orc:1    | Entered Level 1 of the Orcish Mines
 21137 | Orc:2    | Noticed Josephine
 21147 | Orc:2    | Killed Josephine
 21339 | Orc:3    | Found Unydess's Distillery.
 21400 | Orc:3    | Bought a potion of haste for 130 gold pieces
 21537 | Orc:3    | Found Ikore's Assorted Antiques.
 21858 | Orc:3    | Found Jirozarr's Armour Shoppe.
 21861 | Orc:3    | Bought the +12 plate armour of Dynkuv {+Inv rF++ rC- Dex+4} for 1332 gold pieces
 21993 | Orc:4    | Entered Level 4 of the Orcish Mines
 21993 | Orc:4    | Found Duryot's Food Emporium.
 21999 | Orc:4    | Received a gift from Trog
 22003 | Orc:4    | Noticed Donald
 22019 | Orc:4    | Killed Donald
 22188 | Orc:4    | Found Jolaf's Quality Used Wands.
 22271 | Orc:4    | Noticed an orc warlord
 22289 | Orc:4    | Killed an orc warlord
 22289 | Orc:4    | Reached skill level 5 in Dodging
 22297 | Orc:4    | Reached XP level 15. HP: 116/143 MP: 4/14
 22395 | Orc:4    | Received a gift from Trog
 22410 | Orc:4    | Found Luguowuu's Antique Armour Shop.
 22411 | Orc:4    | Found Zurizam's Antique Weapon Boutique.
 22414 | Orc:4    | Found Ithis's General Store.
 22414 | Orc:4    | Found Deelatuxt's Jewellery Shop.
 22572 | Orc:4    | Found a staircase to the Elven Halls.
 22908 | Orc:2    | Received a gift from Trog
 23008 | Orc:2    | Found a roughly hewn altar of Beogh.
 23128 | Orc:2    | Found Daecek's Magic Scroll Shop.
 23138 | Orc:2    | Bought a scroll of fog for 22 gold pieces
 23164 | Orc:2    | Noticed Harold
 23173 | Orc:2    | Killed Harold
 23314 | Orc:1    | Found Uliabeimer's Assorted Antiques.
 23324 | Orc:1    | Noticed Erica
 23335 | Orc:1    | Killed Erica
 23407 | Orc:1    | Noticed Erolcha
 23411 | Orc:1    | Killed Erolcha
 23432 | Orc:1    | Received a gift from Trog
 23447 | Orc:1    | Found a shimmering altar of Xom.
 23767 | D:11     | Noticed Nergalle
 23776 | D:11     | Killed Nergalle
 24467 | D:12     | Found Miepp's Book Emporium.
 24562 | D:12     | Found Yshut's Food Shoppe.
 24577 | D:12     | Found Resumpim's Antique Weapon Shop.
 24660 | D:12     | Found Dyuziepn's Food Shop.
 24908 | D:13     | Received a gift from Trog
 24963 | D:13     | Found a gate to the Vaults.
 25695 | D:14     | Found a basalt altar of Yredelemnul.
 26671 | D:15     | Entered Level 15 of the Dungeon
 26745 | D:15     | Found a corrupted altar of Lugonu.
 26769 | D:15     | Reached skill level 10 in Dodging
 26964 | D:15     | Found a staircase to the Depths.
 27093 | D:15     | Reached XP level 16. HP: 155/155 MP: 5/15
 27379 | D:15     | Found a portal to a secret trove of treasure.
 28368 | Snake:1  | Entered Level 1 of the Snake Pit
 28642 | Snake:1  | Found an ancient bone altar of Kikubaaqudgha.
 28682 | Snake:1  | Received a gift from Trog
 30028 | Snake:2  | Found a snail-covered altar of Cheibriados.
 30533 | Snake:3  | Received a gift from Trog
 31335 | Snake:4  | Entered Level 4 of the Snake Pit
 32074 | Snake:4  | Received a gift from Trog
 32098 | Snake:4  | Reached XP level 17. HP: 163/163 MP: 16/16
 32203 | Snake:4  | Killed from afar by a greater naga

Action                   |  1- 3 |  4- 6 |  7- 9 | 10-12 | 13-15 | 16-18 || total
-------------------------+-------+-------+-------+-------+-------+-------++-------
Melee: Hand axe          |    70 |    72 |     7 |       |       |       ||   149
       War axe           |       |       |   214 |   168 |       |       ||   382
       Battleaxe         |       |       |       |   386 |   923 |   375 ||  1684
       Executioner's axe |       |       |       |       |   116 |       ||   116
Invok: Berserk           |     2 |     5 |    10 |    17 |    30 |     5 ||    69
       Trog's Hand       |       |     3 |     4 |     6 |    16 |    11 ||    40
       Brothers in Arms  |       |       |       |       |     8 |     8 ||    16
       Burn Spellbooks   |       |       |       |       |     1 |       ||     1
Evoke: Wand              |       |       |       |     1 |       |       ||     1
  Use: Scroll            |       |       |    12 |     3 |     8 |     4 ||    27
       Potion            |       |       |     1 |     6 |     6 |     4 ||    17
 Stab: Distracted        |       |       |       |       |     1 |       ||     1
  Eat: Chunk             |     3 |     4 |    14 |    21 |    42 |     2 ||    86
       Bread ration      |       |     1 |     2 |     4 |       |     3 ||    10
       Meat ration       |       |       |     1 |     2 |     1 |     1 ||     5
       Fruit             |       |       |       |    11 |    24 |    10 ||    45
